 Dungeon Crawl Stone Soup version 0.20.1-1-g8b1a95d (webtiles) character file.

168534 MrModeste the Bludgeoner (level 17, -6/150 HPs)
             Began as a Minotaur Fighter on July 16, 2017.
             Was the Champion of Okawaru.
             Killed by the raging water
             ... invoked by a water nymph
              (39 damage)
             ... on level 4 of the Shoals.
             The game lasted 02:28:34 (27374 turns).

MrModeste the Bludgeoner (Minotaur Fighter)        Turns: 27374, Time: 02:28:34

Health: -6/150     AC: 31    Str: 38    XL:     17   Next: 33%
Magic:  14/14      EV: 23    Int:  4    God:    Okawaru [******]
Gold:   2265       SH:  0    Dex: 25    Spells: 16/16 levels left

rFire    x . .     SeeInvis .   Q - +8 great mace of Mana {drain, rElec Str+4 Int+2}
rCold    + . .     Gourm    .   (shield currently unavailable)
rNeg     . . .     Faith    .   k - +5 plate armour of the Lute {rPois Regen+ Str+7 Int-3}
rPois    +         Spirit   .   t - +1 hat "Nadail" {rF- Regen+ Dex+7}
rElec    +         Reflect  .   s - +1 cloak {rC+}
rCorr    .         Harm     .   C - +1 pair of gloves {archery}
MR       +....                  O - +0 pair of boots {run}
Stlth    ..........             j - amulet of regeneration
Regen    1.6/turn               K - ring of flight
MPRegen  0.2/turn               y - ring of Hinots {*Contam MP-9 AC+1 Dex+7 Slay+4}

@: lethally poisoned (-6 -> -6), about to teleport, flying, quick
A: retaliatory headbutt, horns 2
a: Heroism, Finesse, Renounce Religion, Stop Flying


You were on level 4 of the Shoals.
You worshipped Okawaru.
Okawaru was exalted by your worship.
You were not hungry.

You visited 4 branches of the dungeon, and saw 27 of its levels.
You also visited: Labyrinth, Trove, Bailey and Ice Cave.

You collected 4039 gold pieces.
You spent 1774 gold pieces at shops.

Inventory:

Hand Weapons
 H - the +8 battleaxe of Wojaeret {holy, rN+ Int+2}
   (You found it in an ice cave)

   It has been blessed by the Shining One to cause great damage to the undead
   and demons.
   It affects your intelligence (+2).
   It protects you from negative energy.
 Q - the +8 great mace of Mana (weapon) {drain, rElec Str+4 Int+2}
   (Okawaru gifted it to you on level 9 of the Dungeon)

   A truly terrible weapon, it drains the life of those it strikes.
   It affects your strength (+4).
   It affects your intelligence (+2).
   It insulates you from electricity.
Missiles
 R - 14 poisoned javelins (quivered)
Armour
 k - the +5 plate armour of the Lute (worn) {rPois Regen+ Str+7 Int-3}
   (You bought it in a shop on level 1 of the Orcish Mines)

   It affects your strength (+7).
   It affects your intelligence (-3).
   It protects you from poison.
   It increases your rate of regeneration.
 s - a +1 cloak of cold resistance (worn)
 t - the +1 hat "Nadail" (worn) {rF- Regen+ Dex+7}
   (Okawaru gifted it to you on level 4 of the Lair of Beasts)

   It affects your dexterity (+7).
   It makes you vulnerable to fire.
   It increases your rate of regeneration.
 C - a +1 pair of gloves of archery (worn)
 E - a +1 hat of see invisible
 O - a +0 pair of boots of running (worn)
Jewellery
 j - an amulet of regeneration (around neck)
 o - an uncursed ring of protection from cold
 y - the ring of Hinots (right hand) {*Contam MP-9 AC+1 Dex+7 Slay+4}
   (You bought it in a shop on level 4 of the Dungeon)

   [ring of protection]

   It affects your AC (+1).
   It affects your dexterity (+7).
   It affects your accuracy and damage with ranged weapons and melee attacks
   (+4).
   It affects your magic capacity (-9).
   It causes magical contamination when unequipped.
 K - a ring of flight (left hand)
 U - the amulet of Optimism {Reflect *Drain +Fly rF- rC+ rN++ SH+5}
   (You found it on level 1 of the Orcish Mines)

   [amulet of reflection]

   It shields you and reflects attacks.
   It makes you vulnerable to fire.
   It protects you from cold.
   It greatly protects you from negative energy.
   It lets you fly.
   It causes draining when unequipped.
   It affects your SH (+5).
 Y - the ring "Raops" {rPois rF+}
   (You found it in a treasure trove)

   [ring of poison resistance]

   It protects you from fire.
   It protects you from poison.
Wands
 c - a wand of enslavement (14/24)
 f - a wand of disintegration (17/24)
 p - a wand of confusion (29/48)
 r - a wand of clouds (6/9)
 B - a wand of acid (8/15)
 I - a wand of iceblast (9/15)
 M - a wand of paralysis (17/24)
 N - a wand of random effects (24/48)
 V - a wand of lightning (7/15)
 W - a wand of disintegration (15/24)
 Z - a wand of scattershot (0/9)
Scrolls
 e - 16 scrolls of remove curse
 g - 2 scrolls of blinking
 h - 7 scrolls of fear
 l - 11 scrolls of teleportation
 u - a scroll of acquirement
 v - 2 scrolls of enchant armour
 x - 4 scrolls of fog
 A - 11 scrolls of magic mapping
 D - 4 scrolls of recharging
 G - a scroll of brand weapon
 L - 2 scrolls of silence
 P - a scroll of enchant weapon
 T - 3 scrolls of identify
Potions
 a - 11 potions of haste
 b - 4 potions of agility
 d - 7 potions of might
 i - 4 potions of resistance
 n - a potion of invisibility
 q - 9 potions of curing
 w - a potion of magic
Miscellaneous
 X - a box of beasts
Comestibles
 m - 4 bread rations
 z - 12 meat rations
 F - 7 chunks of flesh
 S - a royal jelly


   Skills:
 + Level 13.2 Fighting
 - Level 20.0 Maces & Flails
 + Level 16.5 Armour
 + Level 15.0 Dodging
   Level 3.6 Shields
 - Level 9.0 Invocations
 - Level 10.0 Evocations


You had 16 spell levels left.
You didn't know any spells.

Dungeon Overview and Level Annotations

Branches:
Dungeon (15/15)            Temple (0/1) D:7            Lair (6/6) D:10
 Shoals (4/4) Lair:4        Snake (0/4) Lair:3        Slime (0/5) Lair:6
    Orc (2/2) D:11            Elf (0/3) Orc:2        Vaults (0/5) D:13
 Depths (0/5) D:15

Altars:
Dithmenos
Fedhas
Gozag
Hepliaklqana
Kikubaaqudgha
Nemelex Xobeh
Okawaru
Ru
Vehumet
Beogh

Shops:
D:4 =   Orc:1 [   Orc:2 }!(?[   Shoals:1 [   Shoals:3 [=?   Shoals:4 (

Annotations:
D:10 Artagas's ghost, journeyman MiBe
Lair:6 fire zone


Innate Abilities, Weirdness & Mutations

You reflexively headbutt those who attack you in melee.
You have a pair of horns on your head.


Message History

Press: ? - help, Dir - move target cursor, f - you
Okay, then.
As you read the scroll of fear, it crumbles to dust.
You assume a fearsome visage.
The merfolk aquamancer resists with some effort.
The merfolk impaler looks frightened!
The water nymph easily resists.
The merfolk javelineer resists with some effort.
The merfolk impaler looks frightened!
You are engulfed in a cloud of scalding steam.
You feel sick.
The merfolk javelineer hits you but does no damage.
The merfolk aquamancer completely misses you.
You furiously retaliate!
You headbutt the merfolk aquamancer!
You kill the merfolk aquamancer!
Okawaru accepts your kill.
You hear a splash. x2
You feel sick.
The water nymph points at you and mumbles some strange words.
The water rises up and strikes you!
You die...

≈≈≈≈≈≈≈§§≈≈≈≈##### ≈≈≈≈≈≈≈
≈≈≈≈≈≈≈§≈≈§≈##≈≈≈##≈≈≈≈≈≈≈
≈≈≈≈≈≈≈≈≈≈.≈#mm≈≈≈#≈≈≈≈≈≈≈
≈≈≈≈≈≈≈≈...mmmmm≈≈#≈≈≈≈≈≈≈
≈≈≈≈≈≈≈.....#mS≈..#≈≈≈≈≈≈≈
≈≈≈≈≈≈≈.....##H≈.##≈≈≈≈≈≈≈
≈≈≈≈≈≈≈.....≈#####m≈≈≈≈≈≈≈
≈≈≈≈≈≈≈.....≈m≈)§≈≈≈≈≈≈≈≈≈
≈≈≈≈≈≈≈.....≈mm≈@)≈≈≈≈≈≈≈≈
#####≈≈≈....).....≈≈≈≈≈≈≈≈
##≈≈.....m.....≈≈≈≈≈≈≈
≈#)............≈≈≈≈≈≈≈
≈≈≈≈≈'.............≈≈≈≈≈≈≈
≈≈≈≈≈#.............≈≈≈≈≈≈≈
#≈≈≈##.............≈≈≈≈≈≈
#####........#####.≈≈≈≈≈
≈≈≈≈≈.......##...##.≈


You could see 2 merfolk impalers, a merfolk javelineer, a merfolk aquamancer and
a water nymph.

Vanquished Creatures
  A kraken (Shoals:1)
  Kirke (Shoals:1)
  Ilsuiw (Shoals:4)
  Roxanne (Shoals:1)
  A frost giant (IceCv)
  The ghost of simples the Eclecticist, a journeyman DECj of Vehumet (D:14)
  2 orc warlords (Orc:1)
  Azrael (D:15)
  4 merfolk javelineers (Shoals:4)
  2 ettins
  A minotaur (Lab)
  A yaktaur captain (D:15)
  2 fire dragons
  The ghost of mike2R the Lord of Darkness, a journeyman HuNe of Kikubaaqudgha (Lair:3)
  Josephine (Lair:5)
  2 merfolk impalers (Shoals:4)
  3 hydras
  Fannar (D:10)
  Erolcha (Orc:2)
  A vault guard (D:13)
  2 alligator snapping turtles (Shoals:3)
  A catoblepas (D:13)
  3 merfolk avatars (Shoals:4)
  5 centaur warriors
  7 merfolk aquamancers
  11 two-headed ogres
  A satyr (Shoals:4)
  9 death yaks
  3 ogre magi
  3 tengu warriors
  2 orc high priests
  Urug (Lair:5)
  2 unseen horrors
  13 sea snakes
  A lindwurm (Lair:6)
  22 harpies
  6 orc knights
  14 orc sorcerers
  9 ugly things
  5 fauns
  11 manticores
  2 centaur zombies
  9 cyclopes
  6 water nymphs
  6 black mambas
  10 merfolk sirens
  A gargoyle (D:12)
  2 molten gargoyles (Lair:6)
  An ice statue (IceCv)
  8 spiny frogs
  A centaur skeleton (D:15)
  A kobold demonologist (D:14)
  2 ice devils (D:12)
  4 yaktaurs (D:15)
  10 komodo dragons
  The ghost of appiemonkey the Destroyer, a novice FeCj of Vehumet (D:7)
  A tengu conjurer (D:14)
  30 merfolk
  16 polar bears
  6 meliai
  11 trolls
  7 wind drakes
  2 blink frogs (Lair:6)
  19 slime creatures
  10 dream sheep
  14 snapping turtles
  10 hippogriffs
  9 water elementals
  A centaur simulacrum (D:13)
  3 shadows
  A wyvern (D:12)
  6 wraiths
  48 yaks
  A spriggan (D:7)
  4 hungry ghosts
  A hog (Shoals:1)
  4 basilisks (Lair:6)
  A steam dragon (Lair:6)
  6 fire elementals
  12 vampire mosquitoes
  7 wargs
  7 water moccasins
  4 hell hounds
  2 acid dragons
  4 porcupines
  3 ice beasts
  40 orc warriors
  A black bear (D:8)
  An eye of draining (D:15)
  2 sky beasts
  A necrophage (D:9)
  A hornet zombie (D:8)
  14 ogres
  15 wolves
  15 centaurs
  19 crocodiles
  2 big kobolds
  13 bullfrogs
  An earth elemental (Lab)
  A wyvern zombie (D:10)
  A water moccasin skeleton (D:8)
  13 killer bees
  6 scorpions
  3 wights (D:15)
  10 howler monkeys
  6 crimson imps
  5 bullfrog zombies
  5 lava snakes (Lair:6)
  2 bullfrog skeletons (D:12)
  14 orc priests
  10 hounds
  6 jellies
  Crazy Yiuf (D:3)
  38 orc wizards
  2 iguanas
  Natasha (thrice) (D:3)
  4 hell rats (Lair:3)
  15 worker ants
  Ijyb (D:3)
  A killer bee zombie (D:9)
  A hound zombie (D:10)
  A hound skeleton (D:4)
  2 worker ant zombies
  8 gnolls
  A howler monkey skeleton (D:9)
  12 adders
  A shadow imp (D:5)
  4 oozes
  An adder zombie (D:9)
  An adder skeleton (D:5)
  2 worms
  2 dart slugs
  11 leopard geckos
  95 orcs
  9 bats
  2 giant cockroaches
  16 goblins
  7 hobgoblins
  17 jackals
  5 quokkas
  11 frilled lizards
  2 jackal skeletons
  A jackal zombie (D:6)
  12 kobolds
  10 rats
  A fungus (Lair:6)
981 creatures vanquished.

Vanquished Creatures (others)
  A sea snake (Shoals:4)
  3 blink frogs (Lair:6)
  A vampire mosquito (D:15)
  A scorpion (D:7)
  4 orcs (D:7)
  5 fungi
  4 plants
  4 tentacles (Shoals:1)
23 creatures vanquished.

Grand Total: 1004 creatures vanquished

Notes
Turn   | Place    | Note
-------+----------+-------------------------------------------
     0 | D:1      | MrModeste the Minotaur Fighter began the quest for the Orb.
     0 | D:1      | Reached XP level 1. HP: 19/19 MP: 0/0
    19 | D:1      | Reached skill level 3 in Maces & Flails
   306 | D:1      | Reached XP level 2. HP: 26/26 MP: 1/1
   643 | D:1      | Reached skill level 4 in Maces & Flails
   736 | D:1      | Reached XP level 3. HP: 28/31 MP: 2/2
  1015 | D:2      | Found an iron altar of Okawaru.
  1019 | D:2      | Reached skill level 5 in Maces & Flails
  1029 | D:2      | Became a worshipper of Warmaster Okawaru
  1243 | D:2      | Found a hazy altar of Hepliaklqana.
  1276 | D:2      | Reached XP level 4. HP: 37/39 MP: 3/3
  1489 | D:3      | Found an opulent altar of Gozag.
  1543 | D:3      | Noticed Natasha
  1555 | D:3      | Reached skill level 6 in Maces & Flails
  1572 | D:3      | Killed Natasha
  1572 | D:3      | Reached XP level 5. HP: 30/45 MP: 4/4
  1646 | D:3      | Noticed Natasha
  1657 | D:3      | Killed Natasha
  1657 | D:3      | Reached skill level 7 in Maces & Flails
  1938 | D:3      | Noticed Natasha
  1950 | D:3      | Killed Natasha
  2020 | D:3      | Reached * piety under Okawaru
  2020 | D:3      | Reached skill level 8 in Maces & Flails
  2020 | D:3      | Reached XP level 6. HP: 47/51 MP: 5/5
  2312 | D:3      | Found a runed door.
  2316 | D:3      | Noticed Crazy Yiuf
  2316 | D:3      | Noticed Ijyb
  2329 | D:3      | Killed Crazy Yiuf
  2333 | D:3      | Killed Ijyb
  2512 | D:4      | Reached skill level 9 in Maces & Flails
  2532 | D:4      | Found Ypateh's Jewellery Boutique.
  2966 | D:4      | Reached XP level 7. HP: 57/57 MP: 6/6
  3232 | D:4      | Bought the ring of Hinots {*Contam MP-9 AC+1 Dex+7 Slay+4} for 170 gold pieces
  3269 | D:5      | Entered Level 5 of the Dungeon
  3339 | D:5      | Reached ** piety under Okawaru
  3352 | D:5      | Reached skill level 10 in Maces & Flails
  4179 | D:6      | Reached skill level 11 in Maces & Flails
  4205 | D:6      | Reached XP level 8. HP: 64/64 MP: 0/7
  4241 | D:6      | Got a steaming spear
  4248 | D:6      | Identified the cursed +3 spear "Wuuss" {venom, rPois MR+ Int+4 Dex+4} (You found it on level 6 of the Dungeon)
  4363 | D:6      | Found a sacrificial altar of Ru.
  4414 | D:6      | Found a shadowy altar of Dithmenos.
  4616 | D:6      | Reached skill level 12 in Maces & Flails
  4928 | D:7      | Reached *** piety under Okawaru
  4931 | D:7      | Reached skill level 13 in Maces & Flails
  4958 | D:7      | Noticed appiemonkey's ghost (novice FeCj)
  4973 | D:7      | Killed appiemonkey's ghost
  5250 | D:7      | Reached XP level 9. HP: 45/70 MP: 0/8
  5403 | D:7      | Reached **** piety under Okawaru
  5403 | D:7      | Reached skill level 14 in Maces & Flails
  5563 | D:7      | Found a staircase to the Ecumenical Temple.
  5607 | D:8      | Reached skill level 5 in Fighting
  6062 | D:8      | Reached ***** piety under Okawaru
  6070 | D:8      | Reached XP level 10. HP: 92/92 MP: 0/9
  6618 | D:9      | Reached skill level 10 in Fighting
  6664 | D:9      | Found an ancient bone altar of Kikubaaqudgha.
  6838 | D:9      | Found a sparkling altar of Nemelex Xobeh.
  7318 | D:10     | Entered Level 10 of the Dungeon
  7376 | D:10     | Received a gift from Okawaru
  7457 | D:10     | Noticed Artagas's ghost (journeyman MiBe)
  7619 | D:10     | Noticed a death yak
  7639 | D:10     | Noticed a death yak
  7641 | D:10     | Noticed a death yak
  7644 | D:10     | Noticed a death yak
  7644 | D:10     | Noticed a death yak
  7644 | D:10     | Noticed a death yak
  7649 | D:9      | Killed a death yak
  7812 | D:10     | Found a staircase to the Lair.
  7949 | D:10     | Reached ****** piety under Okawaru
  7949 | D:10     | Reached skill level 1 in Dodging
  8049 | D:10     | Noticed Fannar
  8069 | D:10     | Killed Fannar
  8069 | D:10     | Reached skill level 5 in Armour
  8221 | D:9      | Killed a death yak
  8221 | D:9      | Received a gift from Okawaru
  8221 | D:9      | Reached XP level 11. HP: 36/107 MP: 1/10
  8222 | D:9      | Got a crude great mace {god gift}
  8327 | D:9      | Identified the +8 great mace of Mana {drain, rElec Str+4 Int+2} (Okawaru gifted it to you on level 9 of the Dungeon)
  8368 | D:9      | Killed a death yak
  8447 | D:9      | Killed a death yak
  8447 | D:9      | Reached skill level 5 in Dodging
  8517 | D:9      | Killed a death yak
  8590 | D:10     | Killed a death yak
  8590 | D:10     | Received a gift from Okawaru
  8602 | D:10     | Identified a +0 pair of boots of running (Okawaru gifted it to you on level 10 of the Dungeon)
  8862 | Lair:1   | Entered Level 1 of the Lair of Beasts
  9841 | Lair:2   | Found a labyrinth entrance.
  9882 | Lab      | Entered a labyrinth
 11192 | Lab      | Noticed a minotaur
 11200 | Lab      | Killed a minotaur
 11267 | Lair:2   | Reached skill level 10 in Armour
 11267 | Lair:2   | Reached XP level 12. HP: 115/115 MP: 2/11
 11482 | Lair:2   | Got a fine hand axe
 11495 | Lair:2   | Identified the +7 hand axe "Vaclaine" {flame, MR+} (You found it on level 2 of the Lair of Beasts)
 11847 | Lair:3   | Found a staircase to the Snake Pit.
 11859 | Lair:3   | Noticed mike2R's ghost (journeyman HuNe)
 11893 | Lair:3   | Killed mike2R's ghost
 12588 | Lair:4   | Received a gift from Okawaru
 12603 | Lair:4   | Got a smoking hat {god gift}
 12609 | Lair:4   | Identified the +1 hat "Nadail" {rF- Regen+ Dex+7} (Okawaru gifted it to you on level 4 of the Lair of Beasts)
 12620 | Lair:4   | Found a staircase to the Shoals.
 12641 | Lair:4   | Reached skill level 15 in Maces & Flails
 13215 | Lair:4   | Noticed a seven-headed hydra
 13223 | Lair:4   | Killed a four-headed hydra
 13523 | Lair:5   | Noticed Urug
 13549 | Lair:5   | Killed Urug
 13596 | Lair:5   | Noticed a death yak
 13613 | Lair:5   | Noticed a death yak
 13613 | Lair:5   | Noticed a death yak
 13615 | Lair:5   | Killed a death yak
 13615 | Lair:5   | Reached skill level 16 in Maces & Flails
 13623 | Lair:5   | Killed a death yak
 13627 | Lair:5   | Killed a death yak
 13700 | Lair:5   | Noticed Josephine
 13707 | Lair:5   | Killed Josephine
 13831 | Lair:5   | Reached skill level 17 in Maces & Flails
 14409 | Lair:6   | Entered Level 6 of the Lair of Beasts
 14639 | Lair:6   | Found a staircase to the Slime Pits.
 14695 | Lair:6   | Reached XP level 13. HP: 122/122 MP: 3/12
 14757 | Lair:6   | Received a gift from Okawaru
 14761 | Lair:6   | Got a dazzling chain mail {god gift}
 14779 | Lair:6   | Identified the +0 chain mail of Restlessness {Slay+2} (Okawaru gifted it to you on level 6 of the Lair of Beasts)
 14840 | Lair:6   | Reached skill level 18 in Maces & Flails
 15415 | Lair:6   | Found a large runed door.
 15419 | Lair:6   | Found a large runed door.
 15444 | Lair:6   | Noticed a fire dragon
 15448 | Lair:6   | Killed a fire dragon
 15448 | Lair:6   | Reached skill level 19 in Maces & Flails
 16414 | D:11     | Found a staircase to the Orcish Mines.
 16614 | D:12     | Found a sacrificial altar of Ru.
 16620 | D:12     | Reached skill level 20 in Maces & Flails
 16701 | D:12     | Received a gift from Okawaru
 16918 | D:12     | Found a portal to a secret trove of treasure.
 16927 | Trove    | Entered a treasure trove
 16944 | Trove    | Got a smoking lead ring
 16947 | Trove    | Got a glittering copper ring
 16974 | Trove    | Identified the ring "Emiwnuff" {Int+3 Dex+3} (You found it in a treasure trove)
 16976 | Trove    | Identified the ring "Raops" {rPois rF+} (You found it in a treasure trove)
 17106 | D:12     | Found a frozen archway.
 17215 | IceCv    | Entered an ice cave
 17227 | IceCv    | Reached XP level 14. HP: 124/129 MP: 4/13
 17253 | IceCv    | Reached skill level 10 in Dodging
 17469 | IceCv    | Noticed a frost giant
 17480 | IceCv    | Killed a frost giant
 17526 | IceCv    | Got a pitted battleaxe
 17571 | IceCv    | Identified the +8 battleaxe of Wojaeret {holy, rN+ Int+2} (You found it in an ice cave)
 18028 | Orc:1    | Entered Level 1 of the Orcish Mines
 18104 | Orc:1    | Found Qebbonor's Armour Shop.
 18113 | Orc:1    | Bought the +5 plate armour of the Lute {rPois Regen+ Str+7 Int-3} for 1014 gold pieces
 18315 | Orc:1    | Noticed an orc warlord
 18341 | Orc:1    | Killed an orc warlord
 18490 | Orc:1    | Noticed an orc warlord
 18531 | Orc:1    | Killed an orc warlord
 18687 | Orc:1    | Got a clouded golden amulet
 18692 | Orc:1    | Identified the amulet of Optimism {Reflect *Drain +Fly rF- rC+ rN++ SH+5} (You found it on level 1 of the Orcish Mines)
 19260 | Orc:2    | Entered Level 2 of the Orcish Mines
 19483 | Orc:2    | Found Worastregg's Antique Armour Shoppe.
 19664 | Orc:2    | Found a staircase to the Elven Halls.
 20004 | Orc:2    | Found Plog's Magic Scroll Shop.
 20031 | Orc:2    | Reached skill level 1 in Evocations
 20109 | Orc:2    | Found an ancient bone altar of Kikubaaqudgha.
 20135 | Orc:2    | Found Donudot's Antique Weapon Boutique.
 20198 | Orc:2    | Noticed Erolcha
 20214 | Orc:2    | Killed Erolcha
 20314 | Orc:2    | Found a roughly hewn altar of Beogh.
 20314 | Orc:2    | Found Epru's Distillery.
 20329 | Orc:2    | Found a radiant altar of Vehumet.
 20390 | Orc:2    | Found Jeoz Piyfy's Gadget Shop.
 21413 | D:13     | Found a flagged portal.
 21426 | Bailey   | Entered a bailey
 21551 | D:13     | Reached skill level 5 in Evocations
 21734 | D:13     | Reached XP level 15. HP: 135/135 MP: 7/18
 21753 | D:13     | Found a gate to the Vaults.
 22003 | D:14     | Noticed simples's ghost (journeyman DECj)
 22045 | D:14     | Killed simples's ghost
 22045 | D:14     | Received a gift from Okawaru
 22729 | D:15     | Entered Level 15 of the Dungeon
 22880 | D:15     | Noticed Azrael
 22952 | D:15     | Killed Azrael
 22958 | D:15     | Reached skill level 10 in Evocations
 22987 | D:15     | Reached skill level 1 in Invocations
 23005 | D:15     | Found a staircase to the Depths.
 23067 | D:15     | Received a gift from Okawaru
 23121 | D:15     | Found a blossoming altar of Fedhas.
 23214 | D:15     | Found a runed door.
 23297 | D:15     | Reached skill level 5 in Invocations
 23911 | D:15     | Paralysed by an orc sorcerer for 2 turns
 24010 | D:15     | Reached XP level 16. HP: 137/143 MP: 13/22
 24193 | D:15     | Found a roughly hewn altar of Beogh.
 24436 | Shoals:1 | Entered Level 1 of the Shoals
 24436 | Shoals:1 | Found Eloseu's Armour Boutique.
 24448 | Shoals:1 | Received a gift from Okawaru
 24756 | Shoals:1 | Noticed Kirke
 24765 | Shoals:1 | Killed Kirke
 24894 | Shoals:1 | Noticed Roxanne
 24921 | Shoals:1 | Killed Roxanne
 25177 | Shoals:1 | Noticed a kraken
 25188 | Shoals:1 | Killed a kraken
 25736 | Shoals:3 | Found Caifoica's Jewellery Shop.
 25744 | Shoals:3 | Found Koehar's Armour Shoppe.
 25748 | Shoals:3 | Received a gift from Okawaru
 25957 | Shoals:3 | Reached skill level 15 in Armour
 26160 | Shoals:3 | Found Coragum's Magic Scroll Boutique.
 26168 | Shoals:3 | Bought a scroll of remove curse for 30 gold pieces
 26168 | Shoals:3 | Bought a scroll of identify for 20 gold pieces
 26168 | Shoals:3 | Bought a scroll of identify for 20 gold pieces
 26168 | Shoals:3 | Bought a scroll of remove curse for 30 gold pieces
 26168 | Shoals:3 | Bought a scroll of identify for 20 gold pieces
 26168 | Shoals:3 | Bought a scroll of enchant armour for 75 gold pieces
 26168 | Shoals:3 | Bought a scroll of identify for 20 gold pieces
 26168 | Shoals:3 | Bought a scroll of fog for 20 gold pieces
 26168 | Shoals:3 | Bought a scroll of teleportation for 30 gold pieces
 26168 | Shoals:3 | Bought a scroll of brand weapon for 200 gold pieces
 26168 | Shoals:3 | Bought a scroll of teleportation for 30 gold pieces
 26168 | Shoals:3 | Bought a scroll of identify for 20 gold pieces
 26168 | Shoals:3 | Bought a scroll of enchant weapon for 75 gold pieces
 26178 | Shoals:3 | Identified a scroll of acquirement
 26285 | Shoals:4 | Entered Level 4 of the Shoals
 26289 | Shoals:4 | Noticed Ilsuiw
 26373 | Shoals:4 | Killed Ilsuiw
 26464 | Shoals:4 | Received a gift from Okawaru
 26626 | Shoals:4 | Reached XP level 17. HP: 104/149 MP: 14/23
 27084 | Shoals:4 | Found Qeoruipp's Antique Weapon Boutique.
 27357 | Shoals:4 | Reached skill level 15 in Dodging
 27371 | Shoals:4 | HP: 6/150 [merfolk aquamancer/torrent of water (11)]
 27374 | Shoals:4 | Killed from afar by a water nymph

Skill      XL: |  1  2  3  4  5  6  7  8  9 10 11 12 13 14 15 16 17 |
---------------+----------------------------------------------------+-----
Maces & Flails | 3 4 5 6 8 9 11 13 14 17 20 | 20.0
Fighting       | 9 13 | 13.2
Armour         | 5 10 11 13 15 16 | 16.5
Dodging        | 3 8 9 12 14 15 | 15.0
Evocations     | 5 10 | 10.0
Invocations    | 7 9 |  9.0
Shields        | |  3.6

Action                   |  1- 3 |  4- 6 |  7- 9 | 10-12 | 13-15 | 16-18 || total
-------------------------+-------+-------+-------+-------+-------+-------++-------
Melee: Flail             |   119 |   151 |       |       |       |       ||   270
       Headbutt          |    16 |    25 |    64 |   185 |   248 |   135 ||   673
       Mace              |       |    41 |   256 |   408 |       |       ||   705
       Hand axe          |       |       |       |   168 |    49 |       ||   217
       Great mace        |       |       |       |       |   795 |   478 ||  1273
Throw: Javelin           |       |       |       |     9 |     5 |     3 ||    17
Invok: Heroism           |       |       |       |       |     1 |       ||     1
 Abil: Evoke Flight      |       |       |       |       |     2 |    15 ||    17
Evoke: Wand              |       |       |       |     2 |     2 |       ||     4
  Use: Scroll            |       |       |     1 |    20 |    10 |     7 ||    38
       Potion            |       |       |       |     1 |     2 |     6 ||     9
 Stab: Sleeping          |       |     2 |     6 |     6 |       |       ||    14
       Distracted        |       |     1 |       |       |     2 |       ||     3
  Eat: Chunk             |     1 |     6 |    10 |     9 |    18 |     5 ||    49
       Bread ration      |       |       |       |     4 |     2 |     2 ||     8
       Royal jelly       |       |       |       |     1 |     1 |       ||     2
Armor: Scale mail        |    10 |       |       |       |       |       ||    10
       Ring mail         |    32 |    58 |    68 |   128 |       |       ||   286
       Chain mail        |       |       |       |    20 |    89 |       ||   109
       Plate armour      |       |       |       |       |   229 |   246 ||   475
Dodge: Dodged            |    39 |    40 |    71 |   155 |   565 |   502 ||  1372
Block: Shield            |    64 |    83 |    84 |   211 |    23 |       ||   465
